Map: [ESL] Ancient Cistern

Players

PiG - Winner!

  • Race: Terran Terran
  • League: Master
  • Spawn Location: 7:00

HungerfrBatl

  • Race: Terran Terran
  • League: Gold
  • Spawn Location: 1:00

VOD

https://www.youtube.com/playlist?list=PLOrKQEirgvjBrkg_LERyoNc_WYX2C2tgI

Description

Time

  • Played on: Aug. 15, 2023, 8:50 p.m.
  • Length: 20:23
Show
View Real Time Build Order
Export as new Build Order

PiG Terran - Winner!

Build Orders:  

Get SALT Encoding   

  12  0:00  SCV  
  13  0:12  SCV  
  14  0:17  Supply Depot  
  14  0:25  SCV  
  15  0:38  SCV  
  15  0:40  Barracks  
  16  0:45  Refinery  
  16  0:51  SCV  
  17  1:03  SCV  
  18  1:15  SCV  
  19  1:29  Orbital Command  
  19  1:30  Barracks Reactor  
  19  1:41  Command Center  
  19  1:55  SCV  
  19  1:57  Supply Depot  
  20  2:07  Marine x2, SCV  
  23  2:22  Factory  
  23  2:23  SCV  
  23  2:26  Marine x2  
  26  2:32  Refinery  
  26  2:36  SCV  
  27  2:41  Bunker  
  27  2:45  Marine x2  
  27  2:48  SCV  
  30  2:53  Orbital Command  
  30  3:04  Marine x2  
  32  3:13  Factory Tech Lab, Starport  
  32  3:18  SCV  
  32  3:19  SCV  
  34  3:26  Marine x2  
  36  3:30  SCV  
  36  3:31  SCV  
  36  3:32  Siege Tank  
  41  3:37  Supply Depot  
  41  3:42  SCV  
  41  3:44  Supply Depot  
  41  3:47  SCV  
  43  3:49  Marine  
  43  3:51  Marine  
  43  3:54  SCV  
  46  3:58  Viking  
  46  3:59  SCV  
  49  4:05  Supply Depot  
  49  4:06  SCV  
  50  4:11  SCV  
  50  4:12  Marine x2  
  53  4:18  SCV  
  53  4:23  SCV  
  55  4:29  Starport Reactor  
  55  4:30  Factory Reactor, SCV  
  56  4:33  Marine  
  56  4:34  Marine  
  56  4:35  SCV  
  56  4:38  Supply Depot  
  59  4:43  SCV  
  60  4:47  SCV  
  61  4:53  Marine x2  
  61  4:55  SCV  
  61  4:59  SCV  
  65  5:03  Supply Depot  
  65  5:06  Barracks  
  65  5:07  SCV  
  65  5:10  Barracks x3, Marine  
  65  5:11  Marine  
  65  5:12  SCV  
  69  5:17  Starport Reactor  
  69  5:19  Factory Tech Lab, SCV  
  70  5:24  SCV  
  70  5:26  Supply Depot  
  71  5:28  Marine x2  
  71  5:30  Supply Depot  
  71  5:32  Engineering Bay  
  71  5:34  Refinery x2  
  71  6:01  Barracks Tech Lab  
  71  6:06  Marauder  
  71  6:08  Marine x6  
  71  6:09  Siege Tank  
  71  6:10  Medivac x2  
  86  6:13  Supply Depot  
  86  6:14  Supply Depot  
  86  6:18  Stimpack  
  86  6:19  Combat Shield  
  86  6:21  Terran Infantry Weapons Level 1  
  86  6:25  Marine  
  86  6:26  Marine  
  86  6:28  Marauder  
  86  6:29  Marauder, Marine x4  
  96  6:43  Marine x2  
  96  6:44  Siege Tank  
  96  6:46  Medivac  
  103  6:47  Marine x4  
  103  6:49  Marauder  
  103  6:50  Marauder, Supply Depot  
  103  6:52  Supply Depot  
  111  7:05  Marine x3  
  111  7:06  Marine  
  111  7:08  Marine  
  116  7:10  Marine  
  116  7:12  Marauder x2  
  121  7:33  Marauder x2  
  121  7:35  Marine x6  
  131  7:38  Concussive Shells  
  131  7:40  Siege Tank  
  131  7:43  Supply Depot  
  134  7:47  Supply Depot  
  134  8:04  Medivac, Marine x2  
  134  8:05  Marauder x2  
  142  8:08  Marine  
  142  8:11  Supply Depot  
  142  8:12  Supply Depot  
  143  8:26  Marauder  
  145  8:28  Marauder, Marine x6  
  145  8:32  Siege Tank  
  156  8:42  Terran Infantry Armor Level 1  
  156  8:45  Viking, Marine x2  
  156  8:46  Viking, Marine x4  
  156  8:48  Marauder  
  167  8:49  Marauder  
  168  9:03  Marine  
  168  9:05  Siege Tank  
  169  9:15  Viking  
  169  9:16  Viking  
  148  9:54  Marauder  
  148  9:55  Marauder, Marine x6  
  148  9:59  Siege Tank  
  157  10:01  Viking  
  159  10:13  Marine x6  
  165  10:15  Marine  
  165  10:16  Marauder  
  168  10:30  Marine  
  168  10:31  Marine x5  
  168  10:33  Marine  
  165  11:00  Viking x2, Siege Tank  
  162  11:30  Viking x2  
  166  12:01  Viking x2  
  168  12:03  Siege Tank  
  165  12:31  Viking x2  
  165  12:35  Siege Tank  
  172  12:42  Command Center  
  172  12:43  Command Center  
  166  13:13  Marauder x2, Marine x6  
  166  13:17  Siege Tank  
  177  13:31  Marine x6  
  182  13:34  Marauder  
  182  13:50  Marine x4  
  182  13:51  Marine x2  
  182  13:53  Marauder, Siege Tank  
  182  13:55  Marine  
  166  14:08  Marine  
  166  14:09  Marine  
  156  14:13  Marine  
  153  14:18  Marine x5  
  157  14:25  Marine  
  157  14:27  Marine  
  159  14:31  Marine  
  159  14:36  Marine x5  
  162  14:43  Marine  
  162  14:45  Marine  
  164  14:49  Marine  
  161  15:32  Orbital Command  
  161  15:33  Orbital Command  
  158  15:49  Marine x7  
  165  15:50  Marauder  
  165  15:51  Liberator, Siege Tank  
  165  15:52  Liberator  
  176  16:07  Marauder, SCV x4  
  182  16:19  SCV x3  
  184  16:33  Armory  
  184  16:36  Engineering Bay  
  180  17:48  SCV x4  
  183  17:57  Refinery  
  183  17:58  Refinery  
  183  18:00  Refinery x2, SCV x2  
  183  18:01  SCV x2  
  187  18:12  SCV x2  
  189  18:13  SCV x2  
  191  18:24  SCV x2  
  191  18:25  SCV x2  
  192  18:36  SCV  
  188  18:47  Marauder x2, Marine x6  
  198  19:05  Marine  
Show
View Real Time Build Order
Export as new Build Order

HungerfrBatl Terran 

Build Orders:  

Get SALT Encoding   

  12  0:00  SCV  
  13  0:12  SCV  
  14  0:22  Supply Depot  
  14  0:24  SCV  
  15  0:44  SCV  
  15  0:45  Barracks  
  16  0:53  Refinery  
  16  0:56  Refinery, SCV  
  17  1:08  SCV  
  18  1:20  SCV  
  19  1:32  Marine  
  21  1:35  Orbital Command  
  20  1:54  Command Center  
  20  1:57  Barracks Reactor  
  20  2:03  SCV  
  21  2:10  Supply Depot  
  21  2:16  SCV  
  22  2:28  Bunker, SCV  
  23  2:34  Marine  
  24  2:40  Factory, SCV  
  25  2:52  SCV  
  26  3:00  Marine x2  
  26  3:04  SCV  
  29  3:06  Supply Depot  
  29  3:14  Orbital Command  
  29  3:17  SCV  
  29  3:18  Marine x2  
  32  3:26  Starport  
  32  3:27  Factory Tech Lab  
  32  3:30  SCV  
  33  3:39  Supply Depot  
  33  3:42  SCV  
  33  3:43  SCV  
  35  3:54  Siege Tank, SCV  
  39  3:55  SCV  
  40  4:06  SCV  
  40  4:07  Supply Depot  
  40  4:08  SCV  
  42  4:18  SCV  
  42  4:20  Starport Reactor, SCV  
  44  4:25  Barracks  
  44  4:26  Siege Tank  
  44  4:29  Barracks  
  44  4:30  Supply Depot  
  47  4:35  SCV x2  
  49  4:44  Marine x2  
  51  4:47  SCV x2  
  53  4:58  Siege Tank  
  53  4:59  SCV x2  
  58  5:00  Engineering Bay  
  58  5:02  Marine x2  
  58  5:04  Refinery x2  
  60  5:11  SCV  
  60  5:12  SCV  
  62  5:14  Barracks Tech Lab  
  62  5:19  Barracks  
  62  5:22  Barracks  
  62  5:23  SCV  
  58  5:46  Barracks Tech Lab  
  59  5:50  SCV x2  
  60  5:57  Terran Infantry Weapons Level 1  
  60  6:02  SCV x2  
  62  6:08  Medivac x2  
  66  6:11  Combat Shield  
  66  6:12  Stimpack  
  66  6:14  SCV x2  
  66  6:15  Barracks Reactor x2  
  68  6:21  Marine x4, Supply Depot  
  68  6:25  Supply Depot  
  72  6:26  Siege Tank  
  75  6:38  Medivac  
  75  6:39  Marine  
  78  6:42  Marine x3  
  78  6:43  Medivac, Supply Depot  
  83  6:48  Supply Depot  
  83  6:56  Marine  
  83  6:58  Siege Tank  
  83  7:00  Marine x3  
  90  7:07  Supply Depot  
  90  7:12  Supply Depot  
  90  7:14  Marine  
  91  7:18  Marine x3  
  94  7:23  Marine  
  94  7:24  Marine x3  
  94  7:29  Supply Depot  
  98  7:30  Concussive Shells, Siege Tank  
  98  7:32  Marine  
  98  7:35  Supply Depot  
  98  7:36  Marine x3  
  105  7:41  Marine  
  105  7:42  Marine x3  
  109  7:48  SCV  
  109  7:50  Marine  
  111  7:51  Terran Infantry Armor Level 1  
  111  7:54  Marine, Marauder x2  
  116  8:16  Marauder x2  
  120  8:27  Command Center  
  120  8:37  Marauder x2  
  120  8:38  Command Center  
  120  8:40  Marine, Siege Tank  
  120  8:41  Marine x3  
  129  8:42  Medivac x2  
  134  8:58  Marine, Marauder x2  
  134  8:59  Marine  
  140  9:06  Supply Depot  
  137  9:11  Supply Depot  
  137  9:12  Siege Tank  
  140  9:20  Marauder x2  
  107  9:33  Marine x6  
  113  9:40  Supply Depot  
  113  9:41  Marauder x2, Supply Depot  
  113  9:44  Siege Tank  
  120  9:45  Planetary Fortress  
  120  9:51  Marine  
  120  9:52  Planetary Fortress  
  121  10:02  Medivac x2  
  121  10:03  Marauder x2  
  121  10:05  Marine  
  130  10:16  Siege Tank  
  133  10:24  Marauder x2  
  135  10:32  Viking  
  127  10:45  Marauder x2  
  127  10:48  Siege Tank  
  115  11:00  Marine x6  
  115  11:02  Viking x2  
  122  11:05  Hi-Sec Auto Tracking  
  122  11:06  Marine x2  
  124  11:18  Marine x6  
  121  11:20  Siege Tank  
  121  11:24  Marine x2  
  105  11:35  Marine  
  105  11:36  Marine x5  
  111  11:42  Marine x2  
  111  11:45  SCV x3  
  116  11:53  Marine x3, SCV  
  116  11:54  Marine x3  
  122  11:57  SCV  
  122  12:00  Marine x2  
  121  12:02  Neosteel Armor  
  116  12:09  SCV  
  115  12:21  SCV  
  110  12:25  SCV x2  
  110  12:34  SCV  
  111  12:37  SCV x2  
  99  13:12  Marauder x2, Marine x6  
  105  13:29  SCV  
  105  13:30  Marine x6  
  105  13:33  Marauder x2  
  112  13:41  SCV  
  112  13:43  Siege Tank  
  112  13:48  Marine  
  116  13:53  SCV  
  116  13:54  Marauder  
  116  13:55  Marauder  
  109  14:05  SCV  
  106  14:12  Marine x6  
  106  14:15  Siege Tank  
  106  14:16  Marauder x2  
  115  14:17  SCV  
  115  14:19  Liberator  
  109  14:29  Marine  
  109  14:30  Marine x2  
  112  14:37  Marauder x2  
  112  14:38  Liberator  
  119  14:41  SCV  
  119  14:45  SCV  
  119  14:47  Siege Tank  
  122  14:53  SCV  
  122  14:57  SCV  
  122  14:59  Marauder x2  
  127  15:02  Medivac  
  127  15:05  SCV  
  129  15:09  SCV  
  107  15:17  SCV  
  107  15:20  Marauder x2  
  107  15:21  Medivac, SCV  
  104  15:22  Marine x6  
  110  15:29  SCV  
  110  15:32  Medivac  
  110  15:33  Siege Tank, SCV  
  117  15:39  Marine  
  117  15:40  Marine x5  
  117  15:41  Marine x2  
  111  15:57  Marine x4  
  111  15:58  Marine x2  
  111  15:59  Marine x2  
  111  16:00  Viking  
  111  16:02  Viking  
  123  16:05  Siege Tank  
  123  16:09  Armory  
  126  16:15  Marine x4  
  130  16:25  Missile Turret  
  130  16:28  Missile Turret  
  130  16:30  Viking  
  130  16:32  Viking  
  134  16:35  Starport  
  134  16:38  Widow Mine  
  134  16:39  Starport  
  135  16:59  Widow Mine  
  118  17:20  Starport Reactor, Widow Mine, Starport Tech Lab  
  109  17:28  Missile Turret  
  109  17:29  Missile Turret  
  102  17:46  Missile Turret  
  102  17:47  Missile Turret  
  101  17:52  Marine x8  
  102  18:07  SCV  
  102  18:09  Marine  
  102  18:10  Marine x7  
  109  18:27  Marine x2  
  109  18:28  Marine x2  
  99  18:53  Missile Turret  
  99  18:58  Missile Turret  
  97  19:10  Viking  
  99  19:28  Missile Turret  
Tags
 
Add a new tag
Caveats
  • Supply blocks, unpowered buildings, or Contaminate may cause inaccurate times.
  • Supply counts are checked every 10 seconds.